 Dungeon Crawl Stone Soup version 0.26.0-3-g156281e41b (webtiles) character file.

Game seed: 7380447426533158039

40 trckry the Skirmisher (level 3, -5/30 HPs)
             Began as a Demonspawn Wanderer on Jan 10, 2021.
             Slain by Sigmund
             ... wielding a +0 scythe
              (15 damage)
             ... on level 2 of the Dungeon.
             The game lasted 00:02:24 (1198 turns).

trckry the Skirmisher (Demonspawn Wanderer)         Turns: 1198, Time: 00:02:25

Health: -5/30      AC:  4    Str: 11    XL:     3   Next: 30%
Magic:  4/4        EV: 11    Int: 18    God:
Gold:   22         SH:  0    Dex:  9    Spells: 2/2 levels left

rFire    . . .     SeeInvis .   a - +2 mace
rCold    . . .     Faith    .   (no shield)
rNeg     . . .     Spirit   .   d - +0 robe
rPois    .         Reflect  .   (no helmet)
rElec    .         Harm     .   (no cloak)
rCorr    .         Rampage  .   (no gloves)
Will     .....                  (no boots)
Stlth    +.........             (no amulet)
HPRegen  0.10/turn              (no ring)
MPRegen  0.09/turn              (no ring)

@: no status effects
A: slimy green scales 1
a: no special abilities


You were on level 2 of the Dungeon.
You visited 1 branch of the dungeon, and saw 2 of its levels.

You collected 22 gold pieces.

Inventory:

Hand Weapons
 a - a +2 mace (weapon)
Missiles
 n - 4 boomerangs (quivered)
 o - 18 poisoned darts
Armour
 d - a +0 robe (worn)
Jewellery
 j - an uncursed ring of protection from cold {unknown}
 p - an uncursed amulet of reflection {unknown}
Scrolls
 c - 2 scrolls of teleportation
 f - a scroll of remove curse {unknown}
 i - 2 scrolls of identify {unknown}
 k - a scroll of random uselessness {unknown}
 l - a scroll of amnesia {unknown}
 m - a scroll of enchant weapon {unknown}
Potions
 b - a potion of lignification
 e - 2 potions of cancellation {unknown}
 g - 3 potions of curing {unknown}
 h - a potion of heal wounds {unknown}


   Skills:
 + Level 4.1 Fighting
 * Level 2.1 Maces & Flails
 - Level 1.0 Bows
 + Level 0.5 Throwing
 + Level 1.2 Armour
 + Level 0.5 Dodging
 + Level 0.4 Shields
 * Level 1.7 Invocations
 + Level 2.1 Evocations


You had 2 spell levels left.
You didn't know any spells.
Your spell library was empty.

Dungeon Overview and Level Annotations

Branches:
Dungeon (2/15)

Altars:

Annotations:
D:2 Sigmund


Innate Abilities, Weirdness & Mutations

You are partially covered in slimy green scales. (AC +2)


Message History

You barely miss the jackal.
You feel sick.
The jackal bites you but does no damage.
You hit the jackal.
The jackal is severely wounded.
The jackal bites you but does no damage.
The jackal bites you.
You hit the jackal.
You kill the jackal!
The jackal closely misses you.
You hit the jackal but do no damage.
The jackal bites you but does no damage.
The jackal bites you.
You miss the jackal.
You feel sick.
You are no longer poisoned.
The jackal barely misses you. The jackal closely misses you.
You hit the jackal.
The jackal is severely wounded.
The jackal closely misses you. Something hits you!
Ouch! That really hurt!
You die...

#### ...). ##... ...
#########.#
#>...hSh@.#
###.#.....{##########
#..........h.†...)..#
.....................#
##...............(...#
.....................#
#....##........<.....#
...w# ######.........#
..@. #.........#


You could see an adder and 2 jackals.

Vanquished Creatures
  An adder (D:2)
  A dart slug (D:1)
  A leopard gecko (D:1)
  A bat (D:1)
  2 goblins (D:1)
  6 hobgoblins (D:1)
  A jackal (D:2)
  3 ball pythons
  A frilled lizard (D:1)
  5 kobolds
  5 rats
27 creatures vanquished.

Vanquished Creatures (others)
  A plant (D:1)
1 creature vanquished.

Grand Total: 28 creatures vanquished

Notes
Turn   | Place    | Note
-------+----------+-------------------------------------------
     0 | D:1      | trckry the Demonspawn Wanderer began the quest for the Orb.
     0 | D:1      | trckry set off with the following items: a +2 mace, a
                  | potion of lignification, a scroll of teleportation, a +0
                  | robe
     0 | D:1      | Reached XP level 1. HP: 19/19 MP: 1/1
   379 | D:1      | Reached skill level 1 in Invocations
   379 | D:1      | Gained mutation: You are partially covered in slimy green
                  | scales. (AC +2) [demonic ancestry]
   379 | D:1      | Reached XP level 2. HP: 25/25 MP: 2/2
  1070 | D:2      | Reached XP level 3. HP: 21/30 MP: 4/4
  1185 | D:2      | Noticed Sigmund
  1198 | D:2      | Slain by Sigmund

Illustrated notes

Levels and vault maps discovered:
D:1:      heliophobic_arrival_henge, layout_loops_ring, serial_forest,
          infiniplex_forest_lined_4_way, infiniplex_forest_lined_2,
          infiniplex_forest_lined_3, infiniplex_forest_zigzag_2
D:2:      layout_rooms, minmay_tromino_v4_a, uniq_sigmund

Skill      XL: |  1  2 |
---------------+-------+-----
Invocations    | 1 |  1.7
Maces & Flails | 2 |  2.1
Fighting       | |  4.1
Bows           | |  1.0
Throwing       | |  0.5
Armour         | |  1.2
Dodging        | |  0.5
Shields        | |  0.4
Evocations     | |  2.1

Action                   || total
-------------------------++-------
Melee: Mace              ||    72
Armor: Robe              ||    19
Dodge: Dodged            ||    51
